 Dungeon Crawl Stone Soup version 0.30-a0-311-gf115ab0292 (webtiles) character file.

Game seed: 2141812813080581250

316 pokeman the Magician (level 6, -8/34 HPs)
             Began as a Deep Elf Hedge Wizard on Oct 25, 2022.
             Was an Initiate of Vehumet.
             Mangled by an ogre
             ... wielding a +0 giant club
              (27 damage)
             ... on level 5 of the Dungeon.
             The game lasted 00:09:19 (4742 turns).

pokeman the Magician (Deep Elf Hedge Wizard)        Turns: 4742, Time: 00:09:20

Health: -8/34      AC: 12    Str:  7    XL:     6   Next: 20%
Magic:  6/17       EV: 13    Int: 21    God:    Vehumet [......]
Gold:   207        SH:  5    Dex: 20    Spells: 7/18 levels left

rFire   . . .      SeeInvis .    j - +0 battleaxe
rCold   . . .      Faith    .    (shield currently unavailable)
rNeg    . . .      Spirit   .    v - +2 animal skin
rPois   .          Reflect  +    w - +1 helmet
rElec   .          Harm     .    r - +0 cloak
rCorr   .          Rampage  .    (no gloves)
Will    .....                    u - +0 pair of boots
Stlth   +++.......               h - amulet of reflection
HPRegen 0.25/turn                p - +4 ring of protection
MPRegen 0.15/turn                D - +6 ring of dexterity

@: no status effects
A: no striking features
a: Renounce Religion


You were on level 5 of the Dungeon.
You worshipped Vehumet.
Vehumet was noncommittal.
You visited 2 branches of the dungeon, and saw 6 of its levels.

You collected 207 gold pieces.

Inventory:

Hand Weapons
 j - a +0 battleaxe (weapon)
 q - a +2 quarterstaff of chaos
Armour
 r - a +0 cloak (worn)
 s - a +0 buckler
 u - a +0 pair of boots (worn)
 v - a +2 animal skin (worn)
 w - a +1 helmet (worn)
Jewellery
 h - an amulet of reflection (around neck)
 p - a +4 ring of protection (left hand)
 y - a ring of willpower
 D - a +6 ring of dexterity (right hand)
Scrolls
 a - 3 scrolls of identify {unknown}
 g - a scroll of teleportation {unknown}
 k - a scroll of summoning {unknown}
 l - 2 scrolls of poison {unknown}
 m - a scroll of butterflies {unknown}
 n - a scroll of vulnerability {unknown}
 o - 3 scrolls of enchant armour {unknown}
 A - a scroll of acquirement {unknown}
 B - 2 scrolls of amnesia {unknown}
 C - a scroll of immolation {unknown}
Potions
 b - 2 potions of curing {unknown}
 c - a potion of haste {unknown}
 d - a potion of magic
 e - 2 potions of degeneration {unknown}
 f - a potion of ambrosia {unknown}
 i - 2 potions of flight {unknown}
 t - a potion of heal wounds {unknown}
 x - a potion of attraction {unknown}
 z - 3 potions of mutation {unknown}


   Skills:
 - Level 1.0 Fighting
 - Level 1.0 Armour
 - Level 3.0 Dodging
 - Level 3.0 Stealth
 - Level 1.0 Shields
 * Level 6.9 Spellcasting
 + Level 3.1 Conjurations
 - Level 1.1 Summonings
 - Level 1.1 Translocations
 - Level 1.0 Air Magic
 + Level 0.7 Earth Magic
 + Level 0.2 Poison Magic


You had 7 spell levels left.
You knew the following spells:

 Your Spells              Type           Power      Damage    Failure   Level
a - Magic Dart            Conj           80%        1d7       2%          1
b - Mephitic Cloud        Conj/Pois/Air  13%        N/A       14%         3
c - Call Imp              Summ           11%        N/A       9%          2
d - Blink                 Tloc           22%        N/A       9%          2
e - Stone Arrow           Conj/Erth      30%        3d8       12%         3

Your spell library contained the following spells:

 Spells                   Type           Power      Damage    Failure   Level
 Beastly Appendage        Tmut           14%        N/A       9%          1
 Necrotise                Necr           28%        1d5       9%          1
 Slow                     Hex            28%        N/A       9%          1
 Cigotuvi's Dreadful Rot  Necr/Pois/Air  18%        N/A       11%         2
 Wereblood                Tmut           7%         N/A       14%         2
 Spider Form              Tmut/Pois      7%         N/A       26%         3
 Vampiric Draining        Necr           7%         2d6       26%         3
 Animate Armour           Summ/Erth      22%        N/A       52%         4
 Agony                    Necr           7%         N/A       94%         5
 Lehudib's Crystal Spear  Conj/Erth      7%         10d3      100%        8


Dungeon Overview and Level Annotations

Branches:
Dungeon (5/15)             Temple (1/1) D:4

Altars:
Ashenzari
Cheibriados
Dithmenos
Elyvilon
Fedhas
Gozag
Hepliaklqana
Kikubaaqudgha
Makhleb
Nemelex Xobeh
Okawaru
Qazlal
Ru
Sif Muna
Trog
Uskayaw
Vehumet
Wu Jian
Xom
Yredelemnul
Zin
The Shining One


Message History

Vehumet accepts your kill.
The ogre shakes.
Unknown command.
Casting: Mephitic Cloud (quite dangerous; 14% risk of failure)
Confirm with . or Enter, or press ? or * to list all spells.
Aiming: Magic Dart (safe; 2% risk of failure)
Press: ? - help, Shift-Dir - straight line, f - ogre
Aim: an ogre, wielding a +0 giant club (lightly wounded, confused, 100% to hit)
The magic dart hits the ogre.
The ogre is lightly wounded.
Unknown command.
Casting: Magic Dart (safe; 2% risk of failure)
Confirm with . or Enter, or press ? or * to list all spells.
Aiming: Magic Dart (safe; 2% risk of failure)
Press: ? - help, Shift-Dir - straight line, f/p - ogre
Aim: an ogre, wielding a +0 giant club (lightly wounded, confused, 100% to hit)
The magic dart hits the ogre.
The ogre is moderately wounded.
Casting: Magic Dart (safe; 2% risk of failure)
Confirm with . or Enter, or press ? or * to list all spells.
Aiming: Magic Dart (safe; 2% risk of failure)
Press: ? - help, Shift-Dir - straight line, f/p - ogre
Aim: an ogre, wielding a +0 giant club (moderately wounded, confused, 100% to hit)
The magic dart hits the ogre.
The ogre is moderately wounded.
Casting: Magic Dart (safe; 2% risk of failure)
Confirm with . or Enter, or press ? or * to list all spells.
Aiming: Magic Dart (safe; 2% risk of failure)
Press: ? - help, Shift-Dir - straight line, f/p - ogre
Aim: an ogre, wielding a +0 giant club (moderately wounded, confused, 100% to hit)
The magic dart hits the ogre.
The ogre is heavily wounded.
Unknown command.
You hit the orc wizard.
You kill the orc wizard!
Vehumet accepts your kill.
The ogre seems less confused.
The ogre hits you with a +0 giant club!!
Ouch! That really hurt!
You die...

[..... .....
.... h..###+##
.......##.
..$.)....
#......#
####).....#
#.@O......#
####.##......#
#.<..#######...
+....# #.
#...## #....
####.# .. ...


You could see an ogre.

Vanquished Creatures
  A hound (D:5)
  Crazy Yiuf (D:2)
  An orc priest (D:4)
  3 orc wizards
  Robin (D:3)
  3 adders
  An ufetubus (D:4)
  4 dart slugs
  9 orcs
  8 bats
  8 endoplasms
  2 giant cockroaches
  12 hobgoblins
  7 jackals
  8 quokkas
  13 ball pythons
  2 frilled lizards (D:2)
  18 goblins
  8 kobolds
  A rat (D:1)
111 creatures vanquished.

Notes
Turn   | Place    | Note
-------+----------+-------------------------------------------
     0 | D:1      | pokeman the Deep Elf Hedge Wizard began the quest for the
                  | Orb.
     0 | D:1      | Reached XP level 1. HP: 10/10 MP: 7/7
   268 | D:1      | Reached XP level 2. HP: 10/16 MP: 3/9
   726 | D:1      | Reached skill level 5 in Spellcasting
   928 | D:1      | Reached XP level 3. HP: 20/20 MP: 5/11
   932 | D:1      | Learned a level 3 spell: Mephitic Cloud
   935 | D:1      | Learned a level 2 spell: Call Imp
   938 | D:1      | Learned a level 2 spell: Blink
   942 | D:1      | Learned a level 3 spell: Stone Arrow
  1683 | D:2      | Reached skill level 1 in Fighting
  1683 | D:2      | Reached skill level 1 in Armour
  2077 | D:2      | Found a runed translucent door.
  2078 | D:2      | Noticed Crazy Yiuf
  2226 | D:2      | Reached XP level 4. HP: 25/25 MP: 7/13
  2658 | D:2      | Killed Crazy Yiuf
  3050 | D:3      | Reached skill level 6 in Spellcasting
  3152 | D:3      | Reached XP level 5. HP: 29/29 MP: 10/15
  3152 | D:3      | Noticed Robin
  3190 | D:3      | Killed Robin
  3421 | D:3      | Found a blossoming altar of Fedhas.
  3840 | D:4      | Found a staircase to the Ecumenical Temple.
  3851 | Temple   | Entered the Ecumenical Temple
  4029 | Temple   | Became a worshipper of Vehumet
  4258 | D:4      | Reached skill level 1 in Air Magic
  4264 | D:4      | Reached skill level 1 in Shields
  4264 | D:4      | Reached XP level 6. HP: 32/34 MP: 9/17
  4706 | D:5      | Entered Level 5 of the Dungeon
  4742 | D:5      | Mangled by an ogre

Illustrated notes

Levels and vault maps discovered:
D:1:      dpeg_arrival_radiant, layout_basic
D:2:      layout_basic, nicolae_figureground_sparkle, uniq_crazy_yiuf_cottage
D:3:      kennysheep_goblin_castle, layout_rooms, fedhas_altar_2, uniq_robin
D:4:      layout_basic, minmay_temple_entry_drinking_statues
D:5:      layout_basic, eino_curves_01, uniq_grinder
Temple:   mainiacjoe_temple_starburst

Skill      XL: |  1  2  3  4  5 |
---------------+----------------+-----
Spellcasting   | 5 6 |  6.9
Fighting       | 1 |  1.0
Armour         | 1 |  1.0
Conjurations   | 2 3 |  3.1
Stealth        | 3 |  3.0
Dodging        | 3 |  3.0
Air Magic      | 1 |  1.0
Shields        | 1 |  1.0
Summonings     | |  1.1
Translocations | |  1.1
Earth Magic    | |  0.7
Poison Magic   | |  0.2

Action                   |  1- 3 |  4- 6 || total
-------------------------+-------+-------++-------
Melee: Dagger            |    24 |       ||    24
       Battleaxe         |     3 |    66 ||    69
 Cast: Magic Dart        |   122 |   110 ||   232
       Mephitic Cloud    |       |     7 ||     7
 Stab: Sleeping          |       |     1 ||     1
       Confused          |       |     3 ||     3
Armor: Robe              |    11 |    33 ||    44
       Animal skin       |       |    37 ||    37
Dodge: Dodged            |    36 |    95 ||   131
Block: Other             |     3 |    37 ||    40
       Reflection        |       |     2 ||     2

Table legend: (Time is in decaauts)
 A = Elapsed time spent in this place.
 B = Non-inter-level travel time spent in this place.
 C = Inter-level travel time spent in this place.
 D = Time resting spent in this place.
 E = Time spent auto-exploring this place.
 F = Levels seen in this place.
 G = Mean time per level.
                   A        B        C        D        E       F      G
               +--------+--------+--------+--------+--------+-----+--------+
         Total |   4787 |   4652 |    135 |      0 |   3961 |   6 |  797.8 |
       Dungeon |   4554 |   4473 |     81 |      0 |   3792 |   5 |  910.8 |
        Temple |    233 |    179 |     54 |      0 |    169 |   1 |  233.0 |
               +--------+--------+--------+--------+--------+-----+--------+

Top non-repeatable levels by time:
     D:2: 1524 daAuts
     D:1: 1209 daAuts
     D:3: 1097 daAuts
     D:4: 682 daAuts
  Temple: 233 daAuts
     D:5: 40 daAuts
